 Dungeon Crawl Stone Soup version 0.27-a0-1191-g601b473118 (webtiles) character file.

Game seed: 11932274007237698625

205 EldarEldrad the Chopper (level 5, -4/45 HPs)
             Began as a Hill Orc Fighter on May 24, 2021.
             Succumbed to a scorpion's poison
             ... on level 4 of the Dungeon.
             The game lasted 00:09:49 (2958 turns).

EldarEldrad the Chopper (Hill Orc Fighter)          Turns: 2958, Time: 00:09:49

Health: -4/45      AC:  9    Str: 26    XL:     5   Next: 83%
Magic:  5/5        EV: 10    Int:  8    God:
Gold:   121        SH:  0    Dex: 10    Spells: 4/4 levels left

rFire    . . .     SeeInvis .   a - +0 war axe
rCold    . . .     Faith    .   (no shield)
rNeg     . . .     Spirit   .   m - +0 scale mail
rPois    .         Reflect  .   (no helmet)
rElec    .         Harm     .   (no cloak)
rCorr    .         Rampage  .   l - +1 pair of gloves
Will     .....                  (no boots)
Stlth    ..........             (no amulet)
HPRegen  0.15/turn              h - +6 ring of strength
MPRegen  0.09/turn              (no ring)

@: mighty, lethally poisoned (-4 -> -22)
A: no striking features
a: no special abilities


You were on level 4 of the Dungeon.
You visited 1 branch of the dungeon, and saw 4 of its levels.

You collected 121 gold pieces.

Inventory:

Hand Weapons
 a - a +0 war axe (weapon)
 b - a +0 mace
Armour
 c - a +0 kite shield
 l - a +1 pair of gloves (worn)
 m - a +0 scale mail (worn)
Jewellery
 h - a +6 ring of strength (left hand)
Scrolls
 i - a scroll of torment {unknown}
 j - a scroll of summoning {unknown}
 k - a scroll of teleportation {unknown}
 o - a scroll of immolation {unknown}
 p - a scroll of amnesia {unknown}
 q - a scroll of enchant weapon {unknown}
Potions
 e - a potion of brilliance {unknown}
 f - a potion of heal wounds {unknown}
 g - 2 potions of lignification {unknown}
 n - 3 potions of haste {unknown}
 r - a potion of flight {unknown}
 s - a potion of curing {unknown}


   Skills:
 - Level 3.6 Fighting
 + Level 4.9 Axes
 + Level 4.8 Armour
 + Level 4.8 Shields


You had 4 spell levels left.
You didn't know any spells.
Your spell library was empty.

Dungeon Overview and Level Annotations

Branches:
Dungeon (4/15)
 Temple: D:4-7

Altars:
Qazlal

Annotations:
D:2 1 runed translucent door, Crazy Yiuf


Message History

You feel very sick. The scorpion stings you!
You are more poisoned.
The scorpion poisons you!
You feel very sick.
The scorpion stings you but does no damage.
You feel very sick.
You feel very sick.
You feel sick.
You feel sick.
You feel sick.
You feel sick.
The scorpion stings you but does no damage.
You feel sick.
You feel sick.
You feel sick.
You feel sick.
You are no longer poisoned.
The scorpion stings you.
* * * LOW HITPOINT WARNING * * *
You are lethally poisoned!
The scorpion poisons you!
You feel very mighty all of a sudden.
* * * LOW HITPOINT WARNING * * *
You feel very sick. The scorpion closely misses you.
You hit the scorpion.
The scorpion is moderately wounded.
* * * LOW HITPOINT WARNING * * *
You feel sick. The scorpion completely misses you.
You slash the scorpion!
The scorpion is almost dead.
* * * LOW HITPOINT WARNING * * *
You feel sick. The scorpion closely misses you. The scorpion stings you.
* * * LOW HITPOINT WARNING * * *
You are more poisoned.
The scorpion poisons you!
You slash the scorpion!
You kill the scorpion!
You die...

# ...........## #.# #.
#.####......# #.#
#..###.## ##.PP≈.### #<#
#.......####.P≈P..≈####.#
#)^.........P≈PPP≈.P##..
#.###..####.P≈≈≈♣≈P≈P≈.#
#........PPP≈≈≈♣P≈..
#.####.####...PP.P≈≈♣≈≈P
#......@......###P.PP♣≈≈
######..†........##≈P♣≈≈
####.###.##.#.≈PP♣♣ #.#
#)##.#.PP♣≈≈ #.#
#..#..≈P≈♣♣♣
#.###.)≈PP≈♣♣♣≈P
#######.##≈†≈≈≈≈♣♣≈≈P.
........#..≈≈♣P≈≈≈≈.≈#
#######.#.≈PP...≈..##


There were no monsters in sight!

Vanquished Creatures
  A scorpion (D:4)
  Natasha (thrice) (D:2)
  An iguana (D:4)
  3 adders
  A worm (D:2)
  A dart slug (D:2)
  4 orcs
  8 bats
  4 endoplasms
  3 giant cockroaches
  5 goblins
  A hobgoblin (D:1)
  4 jackals (D:3)
  3 quokkas
  10 ball pythons
  6 frilled lizards
  7 kobolds
  7 rats
72 creatures vanquished.

Vanquished Creatures (others)
  8 plants (D:4)
8 creatures vanquished.

Grand Total: 80 creatures vanquished

Notes
Turn   | Place    | Note
-------+----------+-------------------------------------------
     0 | D:1      | EldarEldrad the Hill Orc Fighter began the quest for the
                  | Orb.
     0 | D:1      | Reached XP level 1. HP: 19/19 MP: 1/1
    36 | D:1      | Found a faded altar of an unknown god.
   160 | D:1      | You fall into a shaft and drop 1 floor!
   203 | D:2      | Reached XP level 2. HP: 26/26 MP: 2/2
   262 | D:2      | Reached XP level 3. HP: 12/31 MP: 3/3
  1408 | D:2      | Noticed Natasha
  1413 | D:2      | Killed Natasha
  1414 | D:2      | Reached XP level 4. HP: 32/39 MP: 4/4
  1566 | D:2      | Found a runed translucent door.
  1567 | D:2      | Noticed Crazy Yiuf
  1587 | D:2      | Noticed Natasha
  1593 | D:2      | Killed Natasha
  1783 | D:2      | Noticed Natasha
  1793 | D:2      | Killed Natasha
  1794 | D:2      | Reached XP level 5. HP: 33/45 MP: 5/5
  2234 | D:3      | Found a stormy altar of Qazlal.
  2234 | D:3      | Noticed an air elemental
  2440 | D:3      | Noticed a fire elemental
  2440 | D:3      | Noticed a water elemental
  2957 | D:4      | HP: 1/45 [scorpion (2)]
  2958 | D:4      | Succumbed to a scorpion's poison

Illustrated notes

Levels and vault maps discovered:
D:1:      evilmike_arrival_rings, layout_basic,
          chequers_ecumenical_altar_simple_redux, chequers_serial_rivers_room_b
D:2:      layout_rooms, uniq_natasha, uniq_crazy_yiuf_cottage
D:3:      layout_loops_cross, nicolae_qazlal_style_of_elements, serial_aquarium,
          aquarium_bridge_square [aquarium_subvault_window,
          aquarium_subvault_wall, aquarium_subvault_window,
          aquarium_subvault_bridge], aquarium_window_fake,
          aquarium_window_corridor_1, aquarium_view_2g, aquarium_view_2e,
          aquarium_balcony_double_3, minmay_cupped
D:4:      layout_loops_ring, lemuel_doored_altar,
          nicolae_overflow_hidden_temple, minmay_temple_entry_wispy,
          serial_bayou, serial_bayou_pond_d, serial_bayou_lagoon_a,
          serial_bayou_ford_a, serial_bayou_shore_b, nrook_mini_vaults,
          minmay_diced_spiral

Skill      XL: |  1  2  3 |
---------------+----------+-----
Axes           | 3 4 |  4.9
Armour         | 4 |  4.8
Shields        | 4 |  4.8
Fighting       | |  3.6

Action                   |  1- 3 |  4- 6 || total
-------------------------+-------+-------++-------
Melee: War axe           |    77 |   100 ||   177
  Use: Potion            |       |     1 ||     1
Armor: Scale mail        |    32 |    57 ||    89
Dodge: Dodged            |    22 |    43 ||    65
Block: Kite shield       |    37 |       ||    37

Table legend: (Time is in decaauts)
 A = Elapsed time spent in this place.
 B = Non-inter-level travel time spent in this place.
 C = Inter-level travel time spent in this place.
 D = Time resting spent in this place.
 E = Time spent auto-exploring this place.
 F = Levels seen in this place.
 G = Mean time per level.
                   A        B        C        D        E       F      G
               +--------+--------+--------+--------+--------+-----+--------+
         Total |   3047 |   2973 |     74 |    573 |   1773 |   4 |  761.8 |
       Dungeon |   3047 |   2973 |     74 |    573 |   1773 |   4 |  761.8 |
               +--------+--------+--------+--------+--------+-----+--------+

Top non-repeatable levels by time:
     D:1: 971 daAuts
     D:2: 957 daAuts
     D:3: 881 daAuts
     D:4: 236 daAuts
